 Dungeon Crawl Stone Soup version 0.30-a0-540-g0af01429fa (webtiles) character file.

Game seed: 12450925601137828064

69 wormed the Conjurer (level 4, 0/30 HPs)
             Began as a Demonspawn Conjurer on Dec 25, 2022.
             Engulfed by a steam dragon's steam (8 damage)
             ... on level 3 of the Dungeon.
             The game lasted 00:05:45 (2620 turns).

wormed the Conjurer (Demonspawn Conjurer)           Turns: 2620, Time: 00:05:45

Health: 0/30       AC:  2    Str:  7    XL:     4   Next: 2%
Magic:  0/7        EV: 17    Int: 21    God:
Gold:   162        SH:  0    Dex: 12    Spells: 4/7 levels left

rFire   . . .      SeeInvis .    e - +0 short sword
rCold   . . .      Faith    .    (no shield)
rNeg    . . .      Spirit   .    a - +0 robe
rPois   .          Reflect  .    (no helmet)
rElec   .          Harm     .    m - scarf {+Inv}
rCorr   .          Rampage  .    (no gloves)
Will    .....                    (no boots)
Stlth   ++                       (no amulet)
HPRegen 0.25/turn                (no ring)
MPRegen 0.20/turn                (no ring)

@: agile
A: powered by pain 1, magic regeneration
a: Evoke Invisibility


You were on level 3 of the Dungeon.
You visited 1 branch of the dungeon, and saw 3 of its levels.

You collected 162 gold pieces.

Inventory:

Hand Weapons
 e - a +0 short sword (weapon)
Missiles
 k - 2 throwing nets
Armour
 a - a +0 robe (worn)
 f - a +0 cloak
 m - a scarf of invisibility (worn)
 o - a +3 leather armour
Scrolls
 d - 5 scrolls of identify {unknown}
 j - a scroll of immolation
 n - 2 scrolls of teleportation {unknown}
 p - a scroll of amnesia {unknown}
 r - a scroll of fear {unknown}
Potions
 b - a potion of resistance {unknown}
 c - 2 potions of heal wounds {unknown}
 g - a potion of haste {unknown}
 h - a potion of curing {unknown}
 i - a potion of cancellation {unknown}
 l - 2 potions of mutation {unknown}
 q - a potion of attraction {unknown}
 s - a potion of degeneration {unknown}


   Skills:
 - Level 2.0 Dodging
 - Level 2.0 Stealth
 - Level 2.0 Spellcasting
 + Level 4.5 Conjurations
 + Level 1.8 Hexes
 + Level 1.5 Translocations


You had 4 spell levels left.
You knew the following spells:

 Your Spells              Type           Power      Damage    Failure   Level
a - Magic Dart            Conj           84%        1d7       2%          1
b - Searing Ray           Conj           42%        2d6       3%          2

Your spell library contained the following spells:

 Spells                   Type           Power      Damage    Failure   Level
 Dazzling Flash           Conj/Hex       30%        N/A       12%         3
 Fulminant Prism          Conj/Hex       7%         3d7       36%         4
 Iskenderun's Mystic Bla  Conj/Tloc      14%        2d5       38%         4


Dungeon Overview and Level Annotations

Branches:
Dungeon (3/15)

Altars:
Fedhas
Uskayaw

Annotations:
D:3 2 transporters, Vadun's ghost, amateur DsMo


Innate Abilities, Weirdness & Mutations

You sometimes gain a little power by taking damage.
You regenerate magic rapidly.


Message History

Aim: a steam dragon (78% to hit)
The searing ray hits the steam dragon.
The steam dragon is lightly wounded. (Press . to maintain the ray.)
The searing ray misses the steam dragon.
The searing ray hits the steam dragon.
The steam dragon is lightly wounded.
The searing ray hits the steam dragon.
The steam dragon is lightly wounded.
You finish channelling your searing ray.
The steam dragon barely misses you.
The steam dragon claws you but does no damage.
Casting: Searing Ray (safe; 3% risk of failure)
Confirm with . or Enter, or press ? or * to list all spells.
Aiming: Searing Ray (safe; 3% risk of failure)
Press: ? - help, Shift-Dir - straight line, p - steam dragon The searing ray misses the steam dragon. (Press . to maintain the ray.)
The bat completely misses you. The steam dragon breathes steam at you.
The ball of steam misses you.
The searing ray hits the steam dragon.
The steam dragon is moderately wounded.
The searing ray hits the bat.
You kill the bat!
You are engulfed in a cloud of scalding steam.
You focus on the pain.
You feel agile all of a sudden. The steam dragon bites you!
You focus on the pain.
You feel more agile all of a sudden. The steam dragon claws you.
Without enough magic to sustain it, your searing ray dissipates.
You are engulfed in a cloud of scalding steam.
* * * LOW HITPOINT WARNING * * *
The steam dragon misses you. x2
As you read the scroll labelled ZOOSEX HILERA, it crumbles to dust.
The creatures around you are filled with an inner flame!
It was a scroll of immolation.
You are engulfed in a cloud of scalding steam.
You die...

### . ..# #. #.# #..##
#.### ....# ....#†#.#
######......
#.##..#.#.# ...©#..##.#
#......D#.#
.##..#.....# #@#.#
#.|#.#..##.#
#§#.#.#..#.#......
#§..#..##..#©..#..
.#####..##©....)#...#.8
.^.......#..##.$#©.#...
.#####...# #..#.#..#...
#....## #..#.#..#.#.
###...## ..##..#([#.#_
>#......##.....W#..#.#.


You could see a steam dragon (inner flame).

Vanquished Creatures
  2 adders (D:3)
  A worm (D:2)
  2 dart slugs (D:1)
  2 orcs (D:3)
  3 ball pythons
  2 bats (D:3)
  2 endoplasms (D:3)
  A giant cockroach (D:1)
  5 hobgoblins
  4 jackals (D:1)
  2 quokkas
  2 frilled lizards
  5 goblins
  3 kobolds
  2 rats
38 creatures vanquished.

Notes
Turn   | Place    | Note
-------+----------+-------------------------------------------
     0 | D:1      | wormed the Demonspawn Conjurer began the quest for the Orb.
     0 | D:1      | Reached XP level 1. HP: 13/13 MP: 3/3
   120 | D:1      | Gained mutation: You sometimes gain a little power by
                  | taking damage. [demonic ancestry]
   120 | D:1      | Reached XP level 2. HP: 6/19 MP: 0/5
   204 | D:1      | Learned a level 2 spell: Searing Ray
   489 | D:1      | Reached skill level 1 in Hexes
   644 | D:1      | Reached skill level 1 in Translocations
  1044 | D:2      | Identified the +0 leather armour of Bedevilment {rF+ Int+2}
  1066 | D:2      | Found a blossoming altar of Fedhas.
  1282 | D:2      | Reached XP level 3. HP: 24/24 MP: 3/6
  2512 | D:3      | Found a hide-covered altar of Uskayaw.
  2534 | D:3      | Gained mutation: You regenerate magic rapidly. [demonic
                  | ancestry]
  2534 | D:3      | Reached XP level 4. HP: 22/30 MP: 0/7
  2577 | D:3      | Noticed Vadun's ghost (amateur DsMo)
  2578 | D:3      | Found a transporter.
  2579 | D:3      | Found a transporter.
  2579 | D:3      | Noticed an ogre
  2610 | D:3      | Noticed a steam dragon
  2620 | D:3      | Engulfed by a steam dragon's steam

Illustrated notes

Levels and vault maps discovered:
D:1:      lemuel_arrival_cross, layout_basic
D:2:      layout_loops_corners, basic_altar
D:3:      layout_loops_cross, eat_drink_and_be_merry_uskayaw,
          gammafunk_ghost_smash, eino_tiny_chamber

Skill      XL: |  1  2 |
---------------+-------+-----
Stealth        | 2 |  2.0
Dodging        | 2 |  2.0
Hexes          | 1 |  1.8
Translocations | 1 |  1.5
Spellcasting   | |  2.0
Conjurations   | |  4.5

Action                   |  1- 3 |  4- 6 || total
-------------------------+-------+-------++-------
Melee: Unarmed           |    13 |       ||    13
       Punch             |     1 |       ||     1
       Short sword       |    13 |       ||    13
 Cast: Magic Dart        |    26 |       ||    26
       Searing Ray       |    28 |     2 ||    30
  Use: Potion            |     1 |       ||     1
       Scroll            |       |     1 ||     1
Armor: Robe              |     8 |     1 ||     9
Dodge: Dodged            |    28 |     5 ||    33

Table legend: (Time is in decaauts)
 A = Elapsed time spent in this place.
 B = Non-inter-level travel time spent in this place.
 C = Inter-level travel time spent in this place.
 D = Time resting spent in this place.
 E = Time spent auto-exploring this place.
 F = Levels seen in this place.
 G = Mean time per level.
                   A        B        C        D        E       F      G
               +--------+--------+--------+--------+--------+-----+--------+
         Total |   2619 |   2525 |     94 |      0 |   2223 |   3 |  873.0 |
       Dungeon |   2619 |   2525 |     94 |      0 |   2223 |   3 |  873.0 |
               +--------+--------+--------+--------+--------+-----+--------+

Top non-repeatable levels by time:
     D:2: 1020 daAuts
     D:1: 941 daAuts
     D:3: 658 daAuts
